 Dungeon Crawl Stone Soup version 0.30-a0-715-gdb4ae3ece1 (webtiles) character file.

Game seed: 14193490709289009852

40 M4edhros the Insei (level 3, -4/23 HPs)
             Began as an Octopode Transmuter on Jan 24, 2023.
             Slain by Eustachio
             ... wielding a +0 falchion
              (8 damage)
             ... on level 5 of the Dungeon.
             The game lasted 00:03:03 (403 turns).

M4edhros the Insei (Octopode Transmuter)             Turns: 403, Time: 00:03:04

Health: -4/23      AC:  1    Str:  9    XL:     3   Next: 50%
Magic:  0/6        EV: 13    Int: 15    God:
Gold:   61         SH:  0    Dex: 14    Spells: 4/6 levels left

rFire   . . .      SeeInvis .      - Unarmed
rCold   . . .      Faith    .    (no shield)
rNeg    . . .      Spirit   +    (helmet restricted)
rPois   .          Reflect  .    d - amulet of guardian spirit
rElec   .          Harm     .    (no ring)
rCorr   .          Rampage  .    (no ring)
Will    .....                    (no ring)
Stlth   ++                       (no ring)
HPRegen 0.23/turn                (no ring)
MPRegen 0.10/turn                (no ring)
                                 (no ring)
                                 (no ring)

@: very slightly contaminated
A: almost no armour, amphibious, 8 rings, camouflage 1, gelatinous body 1,
(nimble swimmer 1), tentacles
a: no special abilities


You were on level 5 of the Dungeon.
You visited 1 branch of the dungeon, and saw 5 of its levels.

You collected 61 gold pieces.

Inventory:

Jewellery
 d - an amulet of guardian spirit (around mantle)
Scrolls
 b - 2 scrolls of vulnerability {unknown}
 c - 2 scrolls of enchant weapon {unknown}
 e - a scroll of noise {unknown}
 g - a scroll of identify {unknown}
Potions
 a - a potion of lignification
 f - 2 potions of curing {unknown}


   Skills:
 - Level 1.0 Fighting
 - Level 2.0 Dodging
 + Level 4.0 Unarmed Combat
 - Level 2.0 Spellcasting
 + Level 2.6 Transmutations


You had 4 spell levels left.
You knew the following spells:

 Your Spells              Type           Power      Damage    Failure   Level
a - Beastly Appendage     Tmut           18%        N/A       8%          1
b - Sting                 Tmut/Pois      20%        1d4       13%         1

Your spell library contained the following spells:

 Spells                   Type           Power      Damage    Failure   Level
 Wereblood                Tmut           9%         N/A       11%         2
 Spider Form              Tmut/Pois      5%         N/A       36%         3
 Ice Form                 Ice/Tmut       5%         N/A       77%         4


Dungeon Overview and Level Annotations

Branches:
Dungeon (5/15)
 Temple: D:4-7

Altars:

Annotations:
D:2 Robin
D:5 Eustachio


Innate Abilities, Weirdness & Mutations

You cannot wear most types of armour.
You are amphibious.
You can wear up to eight rings at the same time.
Your skin changes colour to match your surroundings (Stealth+).
Your rubbery body absorbs attacks. (AC +1, EV +1)
((You are camouflaged when in or above water. (Stealth+)))
You have tentacles for arms and can constrict up to eight enemies at once.


Message History

Found a viscous sapphire potion.
Eustachio the Magnificent comes into view.
He is wielding a +0 falchion.
You aren't carrying any items that you can evoke.
Unknown command.
Casting: Sting (safe; 13% risk of failure)
Confirm with . or Enter, or press ? or * to list all spells.
Okay, then.
Casting: Sting (safe; 13% risk of failure)
Confirm with . or Enter, or press ? or * to list all spells.
Aiming: Sting (safe; 13% risk of failure)
Press: ? - help, Shift-Dir - straight line, f - Eustachio
Aim: Eustachio, wielding a +0 falchion and wearing a +0 leather armour (asleep, 100% to hit)
The sting hits Eustachio.
Eustachio is poisoned.
Eustachio is lightly wounded.
Eustachio shouts!
You hear a shout! x3
Casting: Sting (safe; 13% risk of failure)
Confirm with . or Enter, or press ? or * to list all spells.
Aiming: Sting (safe; 13% risk of failure)
Press: ? - help, Shift-Dir - straight line, f/p - Eustachio
Aim: Eustachio, wielding a +0 falchion and wearing a +0 leather armour (lightly wounded, poisoned, 56% to hit)
You miscast Sting.
You are very lightly contaminated with residual magic.
Nothing appears to happen.
You tentacle-slap Eustachio. Your grab misses Eustachio.
Eustachio is lightly wounded.
You miss Eustachio. Your grab misses Eustachio.
Eustachio is lightly wounded.
Eustachio hits you with a +0 falchion!
You barely miss Eustachio. You grab Eustachio. You squeeze Eustachio.
Eustachio is moderately wounded.
You constrict Eustachio, but do no damage.
Eustachio looks more healthy.
Eustachio hits you with a +0 falchion!
You tentacle-slap Eustachio. x2
Eustachio is heavily wounded.
You constrict Eustachio. Eustachio hits you with a +0 falchion.
* * * LOW HITPOINT WARNING * * *
You barely miss Eustachio. You tentacle-slap Eustachio.
Eustachio is heavily wounded.
You constrict Eustachio. Eustachio hits you with a +0 falchion!
You die...

#.# #.# #.# #.#
#.# #.#
######.#####.###
#..<....@.......
#.####.#.@##....
# #.##.... . #.#
##.#.. #.# .#
#.# . #.. . #.!
.#


You could see Eustachio.

Vanquished Creatures
  An adder (D:2)
  A dart slug (D:1)
  An endoplasm (D:1)
  2 giant cockroaches (D:1)
  3 goblins (D:1)
  3 hobgoblins
  4 jackals (D:1)
  2 quokkas (D:1)
  4 ball pythons
  A bat (D:1)
  3 rats (D:1)
25 creatures vanquished.

Vanquished Creatures (others)
  A plant (D:1)
1 creature vanquished.

Grand Total: 26 creatures vanquished

Notes
Turn   | Place    | Note
-------+----------+-------------------------------------------
     0 | D:1      | M4edhros the Octopode Transmuter began the quest for the
                  | Orb.
     0 | D:1      | Reached XP level 1. HP: 13/13 MP: 3/3
    63 | D:1      | Found a faded altar of an unknown god.
    95 | D:1      | Reached XP level 2. HP: 7/18 MP: 1/5
    97 | D:1      | Got Plato's Folio of Pollution
   101 | D:1      | Learned a level 1 spell: Sting
   219 | D:2      | Noticed Robin
   241 | D:1      | Reached XP level 3. HP: 20/23 MP: 6/6
   314 | D:2      | Reached skill level 4 in Unarmed Combat
   377 | D:2      | You fall into a shaft and drop 1 floor!
   391 | D:5      | Entered Level 5 of the Dungeon
   394 | D:5      | Noticed Eustachio
   403 | D:5      | Slain by Eustachio

Illustrated notes

Levels and vault maps discovered:
D:1:      tarquinn_simple_flora_water_d, layout_basic,
          shapermc_ecumenical_altar_rom_forum, nicolae_figureground_pulse
D:2:      layout_basic, minmay_pentomino_u2, uniq_robin, uniq_crazy_yiuf_cottage
D:3:      layout_basic, mainiacjoe_overflow_alcove_2,
          chequers_serial_rivers_large_b, roderic_lattice_a
D:4:      layout_loops_ring, lemuel_round_altar, grunt_temple_overflow_open,
          dk_noncrumbling_3, lightli_corner_chamber
D:5:      nicolae_cairo_tiling_large_dashed, layout_loops_ring,
          amcnicky_altar_gilded, uniq_eustachio

Skill      XL: |  1  2  3 |
---------------+----------+-----
Unarmed Combat | 4 |  4.0
Fighting       | |  1.0
Dodging        | |  2.0
Spellcasting   | |  2.0
Transmutations | |  2.6

Action                     || total
---------------------------++-------
  Melee: Unarmed           ||    62
         Constrict         ||    22
         Tentacles         ||    10
         Punch             ||     6
         Kick              ||     1
   Cast: Sting             ||     4
         Beastly Appendage ||     1
   Stab: Sleeping          ||     2
 Armour: Skin              ||     7
  Dodge: Dodged            ||    30

Table legend: (Time is in decaauts)
 A = Elapsed time spent in this place.
 B = Non-inter-level travel time spent in this place.
 C = Inter-level travel time spent in this place.
 D = Time resting spent in this place.
 E = Time spent auto-exploring this place.
 F = Levels seen in this place.
 G = Mean time per level.
                   A        B        C        D        E       F      G
               +--------+--------+--------+--------+--------+-----+--------+
         Total |    398 |    398 |      0 |      0 |     42 |   5 |   79.6 |
       Dungeon |    398 |    398 |      0 |      0 |     42 |   5 |   79.6 |
               +--------+--------+--------+--------+--------+-----+--------+

Top non-repeatable levels by time:
     D:1: 296 daAuts
     D:2: 77 daAuts
     D:5: 11 daAuts
     D:4: 6 daAuts
     D:3: 6 daAuts
